[Event "*** Titled Tuesday Blitz"]
[Site "Chess.com"]
[Date "2020.10.20"]
[Round "9"]
[White "1stSecond"]
[Black "Gusarov91"]
[Result "1-0"]
[WhiteElo "2775"]
[BlackElo "2601"]
[TimeControl "180+1"]
[EndTime "11:49:35 PDT"]
[Termination "1stSecond won by resignation"]

1. e4 c5 2. g3 b6 3. Bg2 Bb7 4. d3 g6 5. Nf3 Bg7 6. O-O Nc6 7.
Nc3 Nf6 8. h3 O-O 9. Bg5 h6 10.
Be3 d5 11. exd5 Nxd5 12. Nxd5 Qxd5 13. Qc1 Nd4 14. Bxd4 cxd4 15. Nh4 Qd7 16. Bxb7 Qxb7 17.
Re1 Rac8 18. Re2 e6 19. Ng2 Qf3 20. Qd2 Rc5 21. Ne1 Qf5 22. Kh2 Rfc8 23. a4 h5 24. Re4 a5 25. Ra3 Bh6 26. Qe2 Bc1 27. Rb3 b5 28. axb5 Rxb5 29. Rxb5 Qxb5 30. b3 Qd5 31.
Re5 Qa8 32. Nf3 Bh6 33. Nxd4 Bg7 34. Re4 a4 35. bxa4 Qxa4 36. Nf5 Qxc2 37. Ne7+ Kh7 38.
Nxc8 Qxc8 39. d4 Qd7 40. Qc4 Bf6 41. Rf4 Kg7 42. h4 Qd6 43. Re4 Qd7 44. Qc5 Qb7 45. Rf4 Qd7 46. Qc4 Qd6 47. Qc5 Qd7 48. Kg1 Qb7 49. Qc2 Qd5 50. Qe4 Qd6 51. Qf3 Qd8 52. Kg2 Qe7 53. d5 e5 54. Rc4 Qd6 55. Rc6 Qd8 56. Qe4 Qd7 57. d6 Kh7 58. Qd5 Bd8 59. Rc5 e4 60. Rb5 e3 61. fxe3 Qg4 62. Rb2 Kg7 63. Qd4+ Qxd4 64. exd4 f6 65. Rb7+ Kf8 66.
Kf3 f5 67. Kf4 Bf6 68. d5 Ke8 69. Kf3 Kf8 70. Rd7 Ke8 71. Ra7 Kf8 72. Ke3 Ke8 73. Kd3 Be5 74. Ra8+ Kd7 75. Rg8 Bxg3 76. Rxg6 Bxh4 77.
Kd4 Bf2+ 78. Ke5 Be1 79. Rg7+ Kd8 80. Ke6 Kc8 81. Rg8+ Kb7 82. d7 Ba5 83. d8=Q Bxd8 84. Rxd8 f4 85. Rf8 f3 86. Rxf3 h4 87. Rh3 Kb6 88.
Rxh4 Kc5 89. d6 1-0

[Event "*** Titled Tuesday Blitz"]
[Site "Chess.com"]
[Date "2020.10.20"]
[Round "9"]
[White "GukeshDommaraju"]
[Black "VMikhalevski"]
[Result "0-1"]
[WhiteElo "2817"]
[BlackElo "2733"]
[TimeControl "180+1"]
[EndTime "11:49:38 PDT"]
[Termination "VMikhalevski won by resignation"]

1. d4 Nf6 2. Nf3 g6 3. c4 Bg7 4. Nc3 d5 5. cxd5 Nxd5 6. e4 Nxc3 7.
bxc3 c5 8. Be3 Nc6 9. Rc1 Qa5 10.
Qd2 O-O 11. d5 Rd8 12. Bd3 e6 13. c4 Qxd2+ 14. Kxd2 Nb4 15. Bb1 b6 16. a3 Nc6 17.
Bd3 Na5 18. Rb1 h6 19. h4 f5 20. Ke2 Ba6 21. dxe6 fxe4 22. Bxe4 Bxc4+ 23. Ke1 Bd3 24. Bxa8 Bxb1 25. Nd2 Rxa8 26. Nxb1 Re8 27. Ke2 Rxe6 28. Rd1 Kf7 29. Rd7+ Re7 30. Rd8 Nc4 31. Kd3 Nxe3 32. fxe3 Bf6 33. Ra8 Bxh4 34. Nd2 Rd7+ 35. Ke2 Be7 36.
e4 Ke6 37. a4 h5 38. g3 g5 39. Rh8 h4 40. Rh6+ Kf7 41. gxh4 gxh4 42. Nf3 Kg7 43. Re6 h3 44. Kf2 Bd8 45. Kg3 Rd3 46. Kg4 Ra3 47.
Rd6 Be7 48. Rd7 Kf6 49. Rxa7 Re3 50. Ra6 Rxe4+ 51. Kxh3 Bd8 52. a5 Ra4 53. Ra8 Ke7 54. a6 Kd7 55. a7 Bc7 56. Ng5 Kc6 57. Ne6 Kb7 58. Rg8 Rxa7 59. Rg7 Kc6 60. Kg4 Bb8 61. Nd8+ Kb5 62. Rg6 Ra4+ 63. Kf5 Ra1 64. Nc6 Bh2 65.
Ke4 Rd1 66. Na7+ Kc4 67. Rxb6 Re1+ 68. Kf3 Kd5 69. Nb5 Be5 70. Rb8 Kc4 71. Kf2 Re4 72. Rb7 Bd4+ 73. Kf3 Re3+ 74. Kf4 Re6 75. Nc7 Be5+ 76.
Kf5 Re7 77. Nb5 Rxb7 0-1

[Event "*** Titled Tuesday Blitz"]
[Site "Chess.com"]
[Date "2020.10.20"]
[Round "9"]
[White "Astaneh"]
[Black "AttackSparrow"]
[Result "1-0"]
[WhiteElo "2529"]
[BlackElo "2388"]
[TimeControl "180+1"]
[EndTime "11:49:39 PDT"]
[Termination "Astaneh won by checkmate"]

1. e4 c5 2. Nf3 e6 3. Nc3 Nc6 4. Bb5 Nge7 5. O-O a6 6. Bxc6 Nxc6 7. Re1 Be7 8. d3 O-O 9. h3 d5 10. exd5 exd5 11. d4 c4 12. Bf4 Bf6 13. Ne5 Be6 14. Qd2 Re8 15. Na4 Nxe5 16. Bxe5 Be7 17. Qf4 Rc8 18.
Qg3 f6 19. Bc7 Qxc7 20. Qxc7 Rxc7 21. Rxe6 Kf7 22. Rae1 Rd8 23. Nc3 Bb4 24. R6e3 b5 25. g3 Rdd7 26. Kg2 Bxc3 27. Rxc3 b4 28. Rce3 a5 29.
Re8 Ra7 30. Rc8 Re7 31. Rxe7+ Rxe7 32. Kf1 Ra7 33. Rc6 Ke7 34. Ke2 Kd7 35. Rb6 Kc7 36. Re6 Kd7 37. Rb6 Kc7 38. Rb5 Kc6 39. Rc5+ Kd6 40.
Rc8 Kd7 41. Rg8 Ke6 42. Rd8 h6 43. Kd2 Ra6 44. Re8+ Kf7 45. Rc8 Ra7 46. Rc5 Ke6 47. Rc6+ Kd7 48. Rb6 Kc7 49. Re6 Kd7 50. Rb6 Kc7 51.
Rb5 Kc6 52. Rb8 Kd6 53. Rd8+ Ke6 54. g4 Ra6 55. f4 Ra7 56. f5+ Kf7 57. Rxd5 h5 58. Rc5 hxg4 59. hxg4 Ke7 60. Rxc4 Kd6 61. c3 bxc3+ 62. Kxc3 Re7 63. Rc5 Re3+ 64. Kc4 Rg3 65. Rxa5 Rxg4 66. b4 Rg5 67. Ra7 Kc6 68. b5+ Kb6 69. Re7 Rg1 70. a4 Ka5 71. Ra7+ Kb6 72. Ra6+ Kb7 73. a5 Rg5 74. Rb6+ Kc7 75. Rc6+ Kb7 76. Rc5 Rg1 77. a6+ Kb6 78. Rc6+ Ka5 79. a7 Rc1+ 80. Kd5 Rf1 81. a8=Q+ Kb4 82. Qb7 Rxf5+ 83.
Ke6 Rxb5 84. Qxb5+ Kxb5 85. Rc1 Kb4 86. d5 g5 87. d6 g4 88. d7 g3 89. d8=Q g2 90.
Qb8+ Ka3 91. Ra1# 1-0

[Event "*** Titled Tuesday Blitz"]
[Site "Chess.com"]
[Date "2020.10.20"]
[Round "9"]
[White "UCantHandleDenker"]
[Black "GAusal"]
[Result "1-0"]
[WhiteElo "2515"]
[BlackElo "2050"]
[TimeControl "180+1"]
[EndTime "11:49:42 PDT"]
[Termination "UCantHandleDenker won by resignation"]

1. Nf3 d5 2. g3 Nf6 3. Bg2 c6 4. O-O Nbd7 5. d3 e5 6. Nbd2 Bd6 7. e4 O-O 8. Re1 Qc7 9. Qe2 Re8 10. Nh4 Nf8 11. a4 Ng6 12. Nf5 Bxf5 13. exf5 Ne7 14. Qf3 h5 15. h3 Qd7 16. g4 hxg4 17. hxg4 Rad8 18. Nf1 Nh7 19. Qh3 f6 20. Ng3 Nc8 21. Bd2 Bc5 22. Re2 Nd6 23. Rae1 Nf7 24. Qh5 Nhg5 25.
c3 e4 26. d4 Bd6 27. Qg6 Nh8 28. Qh5 Nhf7 29. b4 a6 30. Qg6 Nh8 31. Qh5 Nhf7 32. a5 Qc7 33. Qh4 Bf4 34. Nf1 Bxd2 35. Nxd2 Qf4 36. Re3 Nh6 37. Nf1 Qxg4 38. Qxg4 Nxg4 39.
Rg3 Nh6 40. Ne3 Kf8 41. Kf1 Kf7 42. Ke2 Rh8 43. Rg1 Ke7 44. Kd2 Nhf7 45. Nc2 Rh2 46. Ke2 Rdh8 47. Ne3 Nh6 48. Kf1 Rh4 49. Ke2 Rf4 50.
Bh3 Rh7 51. Bg4 Nxg4 52. Rxg4 Rxg4 53. Rxg4 Rh2 54. Rg1 Kf7 55. Ng4 Rh5 56. Ne3 Nf3 57. Rc1 Rh2 58. c4 dxc4 59. Rxc4 Rh5 60. d5 cxd5 61.
Rc7+ Kg8 62. Nxd5 Ne5 63. Ne7+ Kh7 64. Rxb7 Nc4 65. Rc7 Ne5 66. Ra7 Ng4 67. b5 Rh2 68. bxa6 e3 69. Ng6 Rxf2+ 70. Kd3 Kh6 71. Re7 Kg5 72.
a7 e2 73. a8=Q Ne5+ 74. Rxe5 e1=Q 75. Rxe1 Rd2+ 76. Kxd2 Kxf5 77. Rf1+ Kxg6 78. Qf3 Kf7 79. Qg2 g5 80. Rg1 Kg6 81. a6 Kf7 82. a7 Kg6 83. a8=Q Kf7 84. Qab7+ Kg6 1-0

[Event "*** Titled Tuesday Blitz"]
[Site "Chess.com"]
[Date "2020.10.20"]
[Round "9"]
[White "Ze-Pequeno"]
[Black "ajdemipopushi"]
[Result "1/2-1/2"]
[WhiteElo "2224"]
[BlackElo "2340"]
[TimeControl "180+1"]
[EndTime "11:49:42 PDT"]
[Termination "Game drawn by repetition"]

1. e4 c5 2. Nf3 g6 3. d4 cxd4 4.
Nxd4 Bg7 5. c4 Nc6 6. Be3 Nf6 7.
Nc3 Nxd4 8. Bxd4 Qa5 9. Qd3 d6 10. Be2 O-O 11. O-O Be6 12. f4 Rfc8 13. b3 a6 14. f5 Bd7 15. fxg6 hxg6 16. Nd5 Nxd5 17. exd5 Bxd4+ 18. Qxd4 Qc5 19. Qxc5 Rxc5 20. a4 Rb8 21.
Rfd1 Rc7 22. a5 b5 23. axb6 Rxb6 24. Rd3 Rcb7 25. Bd1 Kf8 26. Kf2 e5 27. dxe6 Bxe6 28. Ke3 Ke7 29. Kd4 Rc7 30. Ra5 Rcb7 31. h4 Rb8 32. g3 R8b7 33. Kc3 Rc7 34. Re3 Kf6 35. Rf3+ Kg7 36. Rd3 d5 37. Rd4 dxc4 38. bxc4 Rbc6 39.
Be2 Kf6 40. Rf4+ Ke7 41. Re4 Rb7 42. Re3 Kf6 43. Rf3+ Kg7 44. Re3 Rbc7 45. Ree5 Bxc4 46. Bxc4 Rxc4+ 47. Kd2 Rg4 48. Re3 Rc6 49. Rea3 Re6 50. Kd1 Rd4+ 51. Kc2 Rg4 52. Kd2 Rf6 53. Ke2 Kh6 54.
Ke1 Re4+ 55. Kd2 Ree6 56. R3a4 Kg7 57. g4 Rb6 58. Ke3 Rbe6+ 59. Kd2 Rf2+ 60. Kd1 Rh2 61. h5 gxh5 62. gxh5 Rb6 63. Kc1 Rf6 64. Rd5 Rf1+ 65. Rd1 Rxd1+ 66. Kxd1 Rxh5 67. Rxa6 Re5 68. Ra2 f5 69. Re2 Kf6 70. Rxe5 Kxe5 71. Ke1 Ke4 72. Ke2 Kf4 73. Kf2 Ke4 74. Ke2 f4 75. Kf2 f3 76. Kf1 Kf4 77. Kf2 Kg4 78. Kf1 Kg5 79.
Kf2 Kf4 80. Kf1 Kg3 81. Kg1 Kg4 82. Kf2 Kf4 83. Kf1 Ke4 84. Kf2 Kf4 1/2-1/2

[Event "*** Titled Tuesday Blitz"]
[Site "Chess.com"]
[Date "2020.10.20"]
[Round "9"]
[White "scandalgod"]
[Black "GameOverBro"]
[Result "1-0"]
[WhiteElo "2404"]
[BlackElo "2504"]
[TimeControl "180+1"]
[EndTime "11:49:48 PDT"]
[Termination "scandalgod won by resignation"]

1. d4 d6 2. c4 Nf6 3. Nc3 Nbd7 4.
e4 e5 5. Nf3 Be7 6. Be2 O-O 7.
O-O c6 8. Be3 a5 9. Re1 h6 10.
h3 a4 11. Rc1 Qa5 12. Qc2 exd4 13. Nxd4 Nc5 14. Rcd1 Re8 15. Bf4 Bf8 16. Bf1 Bd7 17. Nf3 Qc7 18. e5 dxe5 19. Nxe5 Be6 20. Ng6 Qb6 21.
Nxf8 Rxf8 22. Bd6 Rfd8 23. Qd2 Qa5 24. Qe3 Ncd7 25. Qf4 Rac8 26. Re3 Qg5 27. Qxg5 hxg5 28.
Nxa4 Ra8 29. b3 g4 30. hxg4 Nxg4 31. Red3 Ndf6 32. f3 Nh6 33. Bc7 Rxd3 34. Rxd3 Nf5 35. Kf2 Kf8 36. Be5 Nd7 37. Bc3 g6 38. Rd2 Ke7 39.
Bb4+ Ke8 40. Nc5 Nxc5 41. Bxc5 Ra5 42. Bb4 Ra8 43. g4 Nh6 44. Kg3 Ng8 45. Rh2 Kd7 46. Rh8 f5 47. Rh7+ Kc8 48. g5 b6 49. a4 c5 50. Bc3 Rb8 51. Be5 Rb7 52. Rh8 Rd7 53.
Bf6 Kb7 54. Kf4 Rf7 55. Be5 Rd7 56. Ke3 Ne7 57. Rh7 Kc6 58. Bd3 Bg8 59. Rg7 f4+ 60. Kxf4 Be6 61. Be4+ Bd5 62. Bf6 Bxe4 63. fxe4 Ng8 64.
e5 Nxf6 65. exf6 Rd4+ 66. Kf3 Rd1 67. Rxg6 Kd6 68. f7+ Ke7 69. Rf6 Rf1+ 70. Ke4 Rxf6 71. gxf6+ Kxf7 72. Kd5 Kxf6 73. Kc6 Ke6 74. Kxb6 Kd6 75.
Kb5 Kc7 76. Kxc5 Kb7 77. b4 Ka6 78. a5 Ka7 79. Kb5 Ka8 80. Kb6 Kb8 81. c5 Ka8 82. c6 Kb8 83. a6 Ka8 84. Kc5 Kb8 85. Kd6 Kc8 86. a7 1-0

[Event "*** Titled Tuesday Blitz"]
[Site "Chess.com"]
[Date "2020.10.20"]
[Round "9"]
[White "alejanchess73"]
[Black "anon569"]
[Result "0-1"]
[WhiteElo "2393"]
[BlackElo "2269"]
[TimeControl "180+1"]
[EndTime "11:49:50 PDT"]
[Termination "anon569 won on time"]

1. d4 Nf6 2. c4 e6 3. Nc3 Bb4 4. e3 b6 5. Ne2 c5 6. a3 Ba5 7. dxc5 bxc5 8. Qd6 Ne4 9. Qe5 Nxc3 10. Nxc3 Qf6 11.
Qxf6 gxf6 12. Bd2 Nc6 13. Ne4 Bxd2+ 14. Kxd2 Na5 15. Kc3 Ke7 16. Nxc5 d6 17. Nb3 Nxb3 18. Kxb3 Bb7 19. f3 f5 20. Rc1 Rab8 21. Ka2 Rhc8 22. Bd3 Bc6 23. b3 Rg8 24. Rc2 Rg5 25. Rd1 Rbg8 26.
Bf1 Rh5 27. h3 Rhg5 28. Rcd2 d5 29. c5 a5 30. a4 Rb8 31. Rd4 Rgg8 32. Rh4 Rgc8 33.
Rc1 Bd7 34. Rxh7 Rb4 35. Ka3 Rcb8 36. Rc3 Bc6 37. Bd3 Kf6 38. Bc2 Kg6 39. g4 Kxh7 40. gxf5 exf5 41. Bxf5+ Kh6 42. Bc2 Rg8 43. e4 Rg2 44.
exd5 Bxd5 45. c6 Bxc6 46. Rxc6+ Kg7 47. Rc5 Rd4 48. Be4 Rdd2 49. Rxa5 Rh2 50. Rg5+ Kf6 51. Rh5 Ra2+ 52. Kb4 Rad2 53. a5 Ke7 54. a6 Ra2 55.
Kb5 Ra3 56. Bd5 Rha2 57. Rh6 Ra5+ 58. Kc4 Rxa6 59. Rh7 Rb6 60. Rxf7+ Ke8 61. Rc7 Rc2+ 62.
Kd4 Rxc7 63. Bc4 Rh6 64. f4 Rxh3 65. f5 Rh4+ 66. Ke5 Re7+ 67. Kd6 Rh6+ 68. Be6 Rf6 69. Ke5 Rexe6+ 70. fxe6 Rf3 71. b4 Rb3 72. Kd5 Rxb4 73. Kc5 Rh4 74. Kd6 Rh5 75. e7 Rh6+ 76. Ke5 Kxe7 0-1

[Event "*** Titled Tuesday Blitz"]
[Site "Chess.com"]
[Date "2020.10.20"]
[Round "9"]
[White "BlackBoarder"]
[Black "Stalri"]
[Result "1-0"]
[WhiteElo "2598"]
[BlackElo "2206"]
[TimeControl "180+1"]
[EndTime "11:49:51 PDT"]
[Termination "BlackBoarder won by checkmate"]

1. e4 c5 2. Nf3 Nc6 3. Bb5 g6 4. Bxc6 dxc6 5. d3 Bg7 6. h3 Nf6 7. O-O O-O 8. Nc3 e5 9. Nxe5 Nxe4 10. Nxe4 Bxe5 11. Nxc5 Bc7 12. Ne4 Bf5 13. Qf3 f6 14. Bf4 Bb6 15. Rfe1 Qd4 16. c3 Qd5 17. d4 Kg7 18.
Nd6 Qxf3 19. Nxf5+ gxf5 20. gxf3 Kf7 21. Re2 Rad8 22.
Rae1 Rd7 23. Re6 a6 24. Bd6 Rg8+ 25. Kf1 Bd8 26. Bg3 Rd5 27. Rd6 Rxd6 28. Bxd6 Rg6 29. c4 Rh6 30. Kg2 Rg6+ 31. Kh2 Rg8 32. b3 Rh8 33. Kg3 Rg8+ 34. Kf4 Rg5 35. d5 Ba5 36. Re7+ Kg6 37. Ke3 cxd5 38. cxd5 f4+ 39. Ke4 Rg1 40. Rxb7 Rd1 41. Bxf4 f5+ 42. Ke3 Rxd5 43. Bc7 Bd2+ 44. Ke2 Bg5 45. Rb6+ Kh5 46. Rxa6 Rd2+ 47. Kf1 Rc2 48.
f4 Be7 49. Be5 Bc5 50. f3 Rf2+ 51. Ke1 Rxf3 52. Bg7 Kh4 53. Rh6+ Kg3 54. Be5 Rf2 55. Rxh7 Kf3 56. Re7 Be3 57. Kd1 Rxa2 58. Bc3 Rf2 59. b4 Bxf4 60. b5 Rg2 61. b6 Rg6 62. b7 Rb6 63. Kc2 Rc6 64. Kd3 Rb6 65. Bd4 Rb5 66. Ba7 Rb1 67. Kc4 Bg3 68. h4 Kg2 69. h5 Bd6 70.
Rd7 Be5 71. h6 f4 72. h7 f3 73. Re7 Bd6 74. h8=Q Bxe7 75. Qg7+ Kf1 76. Qxe7 f2 77.
Bxf2 Kxf2 78. Kc5 Rc1+ 79. Kb6 Rb1+ 80. Ka7 Kf3 81. b8=Q Ra1+ 82. Kb7 Rb1+ 83. Kc8 Rc1+ 84. Kd8 Rd1+ 85. Ke8 Rf1 86. Qbe5 Kg2 87. Q7g7+ Kh1 88. Qh5# 1-0

[Event "*** Titled Tuesday Blitz"]
[Site "Chess.com"]
[Date "2020.10.20"]
[Round "9"]
[White "PLAYER_2006_M"]
[Black "ExtremeLearner"]
[Result "1-0"]
[WhiteElo "2520"]
[BlackElo "2378"]
[TimeControl "180+1"]
[EndTime "11:50:05 PDT"]
[Termination "PLAYER_2006_M won by resignation"]

1. d4 Nf6 2. Nc3 d5 3. Bf4 e6 4. Nb5 Na6 5. e3 c6 6. Nc3 Nc7 7. Bd3 Bd6 8. Qf3 O-O 9. g4 Bxf4 10. exf4 a6 11. g5 Nfe8 12. Nge2 f5 13. gxf6 gxf6 14. O-O-O f5 15. Rhg1+ Kh8 16. Qh5 Nf6 17. Qh6 Qe7 18.
f3 Bd7 19. Rg5 Rg8 20. Rdg1 Rxg5 21. fxg5 Ng8 22. Qh3 Qg7 23. Qg3 Nb5 24. Nxb5 axb5 25. a3 b4 26. axb4 Ra1+ 27. Kd2 Ra2 28. b3 Be8 29.
Qe5 Bg6 30. Nf4 Qxe5 31. dxe5 Bf7 32. g6 hxg6 33. Nxg6+ Kg7 34. Ne7+ Kf8 35. Nxg8 Bxg8 36. h4 Bf7 37. Rg5 Ra1 38. Ke3 Rh1 39. Kd4 Rxh4+ 40. Kc5 Ke7 41. b5 cxb5 42. Bxb5 Rh3 43. Be2 Rh2 44.
Bd3 Rf2 45. Rg3 f4 46. Rh3 Rg2 47. Rh4 Rf2 48. Rxf4 Bh5 49. Kd4 Rxf3 50. Rxf3 Bxf3 51. Kc5 Kd7 52. Kb6 d4 53. Bb5+ Ke7 54. Kc7 Be4 55. Bd3 Bd5 56. Kb6 Bc6 57. Kc5 Kd7 58. Kxd4 Kc7 59.
Bc4 Bd7 60. Bd3 Kc6 61. c3 b5 62. Be4+ Kb6 63. b4 Be8 64. Ke3 Bh5 65. Kf4 Bd1 66. Kg5 Kc7 67. Kf6 Kd7 68. Bg6 Bb3 69. Bd3 Kc6 70. Be4+ Kd7 71. Kf7 Bc4 72. Bb7 Kc7 73.
Bg2 Kd7 74. Kf6 Bb3 75. Bf1 Kc6 76. Ke7 Bd5 77. Bd3 Bb3 78. Be4+ Kc7 79. Bg2 Bc4 80. Bh3 Kc6 81. Bxe6 Bd3 82. Bb3 Be4 83. Ke6 Bd5+ 84. Bxd5+ 1-0

[Event "*** Titled Tuesday Blitz"]
[Site "Chess.com"]
[Date "2020.10.20"]
[Round "9"]
[White "djano"]
[Black "glebus008"]
[Result "1/2-1/2"]
[WhiteElo "2456"]
[BlackElo "2348"]
[TimeControl "180+1"]
[EndTime "11:50:10 PDT"]
[Termination "Game drawn - insufficient material"]

1. d4 d5 2. Nf3 Nf6 3. Bf4 c5 4. e3 Nc6 5. Nbd2 cxd4 6. exd4 Bg4 7. c3 e6 8. Qb3 Qc8 9. h3 Bh5 10. Bd3 Be7 11. O-O Bg6 12. Bxg6 hxg6 13. Rae1 O-O 14. Ne5 Nxe5 15. Bxe5 Rd8 16. Nf3 Ne4 17. Re2 Bd6 18. Rfe1 Bxe5 19. Nxe5 Qc7 20. f3 Nf6 21. g4 Rab8 22.
Kg2 b5 23. Qa3 a5 24. h4 Rdc8 25. Qb3 b4 26. cxb4 Rxb4 27. Qe3 Qb6 28. a3 Rxb2 29. h5 gxh5 30. g5 Ne8 31. g6 f6 32.
Nd3 Rxe2+ 33. Rxe2 e5 34. dxe5 Qxe3 35. Rxe3 Rc3 36.
Kf2 Rxa3 37. e6 Kf8 38. Nf4 Rxe3 39. Kxe3 Nc7 40. Kd4 Ke7 41. Nxh5 Nxe6+ 42. Kxd5 a4 43. Kc4 a3 44. Kb3 Kd6 45. Kxa3 Ke5 46. Kb4 Kf5 47.
Kc4 Kxg6 48. Ng3 Kg5 49. Kd3 Kf4 50. Ne4 Kxf3 51. Nd6 Ng5 52. Ne8 Ne6 53. Kc4 f5 54. Kd5 Nf4+ 55. Ke5 Kg4 56. Nxg7 Ng6+ 57. Kd4 f4 58.
Ke4 f3 59. Ke3 Kg3 60. Nf5+ Kg2 61. Ke4 f2 62. Ne3+ Kg1 63. Kf3 Nh4+ 64. Kg3 Ng2 65.
Nxg2 f1=Q 66. Nf4 Qf2+ 67. Kg4 Kf1 68. Nh3 Qa7 69. Nf4 Qa4 70. Kf5 Kf2 71. Ne6 Kf3 72.
Ng5+ Ke3 73. Ne6 Qe4+ 74. Kf6 Qd5 75. Ng5 Kf4 76. Ne6+ Kg4 77. Ng7 Qg5+ 78. Kf7 Qh6 79. Ne6 Kf5 80. Ng7+ Ke5 81. Ne8 Qe6+ 82. Kf8 Qd7 83.
Ng7 Kf6 84. Nh5+ Kg6 85. Nf4+ Kf5 86. Ng6 Qd8+ 87. Kg7 Qd5 88. Ne7+ Ke6 89. Nxd5 1/2-1/2

[Event "*** Titled Tuesday Blitz"]
[Site "Chess.com"]
[Date "2020.10.20"]
[Round "9"]
[White "VerdeNotte"]
[Black "ArjunErigaisi2003"]
[Result "1-0"]
[WhiteElo "2882"]
[BlackElo "3030"]
[TimeControl "180+1"]
[EndTime "11:50:32 PDT"]
[Termination "VerdeNotte won by resignation"]

1. e4 e6 2. d4 d5 3. e5 c5 4.
c3 Nc6 5. Nf3 Qb6 6. Bd3 cxd4 7.
O-O Bd7 8. Re1 Nge7 9. h4 Rc8 10. Nbd2 dxc3 11. bxc3 Na5 12. Rb1 Qc7 13. Nb3 Nec6 14.
Nbd4 Nxd4 15. cxd4 Be7 16. Bg5 Ba3 17. h5 h6 18. Bf4 a6 19. Kh2 b5 20. Nh4 Qc3 21.
Bf1 Qc2 22. Qg4 Kf8 23. Qf3 Rc3 24. Be3 Ke8 25. Qg4 Rg8 26. Be2 Nc4 27. Bxh6 Qe4 28. Qxe4 dxe4 29. Bg5 Bc6 30. Rb3 Rxb3 31. axb3 Na5 32.
Bd1 Bd5 33. Bc2 Bb4 34. Re2 Nxb3 35. Bxb3 Bxb3 36. Rb2 Bc3 37. Rxb3 Bxd4 38. Bf4 Bxf2 39. g3 f6 40. Kg2 Bd4 41. Ng6 Kf7 42. exf6 gxf6 43.
Be3 e5 44. Kf2 Rc8 45. Ke2 Rc2+ 46. Kf1 Rh2 47. g4 f5 48. gxf5 Rxh5 49. Bxd4 exd4 50.
Ne5+ Kf6 51. Nc6 Rxf5+ 52. Ke2 d3+ 53. Ke3 Rd5 54. Rb2 Rd6 55. Nd4 Ke5 56. Rh2 d2 57. Rxd2 Rd5 58. Nc6+ Ke6 59. Nd4+ Kd6 60. Rh2 b4 61.
Kxe4 Re5+ 62. Kd3 Rg5 63. Rh8 Kd5 64. Rd8+ Ke5 65. Kc4 Rg4 66. Re8+ Kd6 67. Rd8+ Kc7 68. Rd5 Kb6 69. Kxb4 Rg6 70. Kc4 Rh6 71. Rg5 Rd6 72.
Rg1 Rh6 73. Rb1+ Kc7 74. Rc1 Kb7 75. Rc2 Rb6 76. Rg2 Rf6 77. Kc5 Rf7 78. Rb2+ Kc7 79. Kd5 Rd7+ 80. Kc5 Rh7 81. Ne6+ Kc8 82. Nf4 Rc7+ 83.
Kd6 Rd7+ 84. Ke6 Rb7 85. Rc2+ Rc7 86. Rh2 Rc6+ 87. Kd5 Rc1 88. Ne6 Kb7 89. Nc5+ Kb6 90. Rb2+ Ka7 91. Rb7+ Ka8 92. Rh7 Rg1 93. Kc6 Rg6+ 94.
Kc7 a5 95. Nd7 a4 96. Rh5 Ra6 97. Nb6+ Ka7 98. Nc8+ Ka8 99. Rb5 Rc6+ 100. Kxc6 1-0

[Event "*** Titled Tuesday Blitz"]
[Site "Chess.com"]
[Date "2020.10.20"]
[Round "9"]
[White "Legendinunknown"]
[Black "TrimitziosP7"]
[Result "0-1"]
[WhiteElo "2611"]
[BlackElo "2772"]
[TimeControl "180+1"]
[EndTime "11:50:39 PDT"]
[Termination "TrimitziosP7 won by resignation"]

1. d4 Nf6 2. c4 e6 3. Nc3 Bb4 4. f3 d5 5. a3 Be7 6. e4 dxe4 7.
fxe4 e5 8. d5 a5 9. Nf3 Nbd7 10.
Be3 O-O 11. Be2 Bc5 12. Qd2 Qe7 13. h3 Nh5 14. O-O Nf4 15. Kh2 Ra6 16. g3 Bxe3 17. Qxe3 Nxe2 18. Qxe2 a4 19. Ne1 Nc5 20. Kg2 Nb3 21.
Rd1 Nd4 22. Qe3 f5 23. Nf3 f4 24. gxf4 Rg6+ 25. Kh2 Bxh3 26. Nxe5 Rh6 27. Kg1 Qh4 28. Rxd4 Bxf1 29. Kxf1 Rxf4+ 30. Ke2 Qh2+ 31. Kd3 Rh3 32. c5 Rf1 33. Qxh3 Qxh3+ 34. Kc4 Qh2 35. Nd3 Qc2 36. Nb4 Qxb2 37. d6 cxd6 38. cxd6 Qb3+ 39. Kb5 Qxc3 40. d7 Rf8 41. d8=Q Rxd8 42. Rxd8+ Kf7 43.
Rd7+ Ke6 44. Rxb7 h5 45. Rb6+ Kf7 46. Kxa4 h4 47. Rc6 Qf3 48. Rc7+ Kg8 49. Rc8+ Kh7 50. Rc2 h3 51. Kb5 Qg2 52. a4 Qxc2 53. Nxc2 h2 54.
a5 h1=Q 55. Nb4 Qxe4 56. Nc6 Qb1+ 57. Kc5 Qa2 58. Kb6 g5 59. a6 g4 60. a7 g3 61.
Kb7 g2 62. a8=Q Qxa8+ 63. Kxa8 g1=Q 64. Kb7 Kg6 65. Kc7 Kf7 66. Kd6 Qd1+ 67. Kc5 Ke6 68. Nd4+ Ke5 69. Nc6+ Ke4 70. Nb4 Qd7 71. Nc6 Qc7 72. Kb5 Kd5 73. Nb4+ Kd4 74. Nc6+ Kc3 75. Kc5 Kb3 76. Kd5 Ka4 77. Nd4 Qd7+ 78. Kc5 Qe7+ 79. Kd5 Qd8+ 80. Kc5 Qa5+ 81. Kc4 Qb4+ 82. Kd5 Qb7+ 83.
Kc5 Qa7+ 84. Kd5 Qa8+ 85. Kc5 Ka5 86. Nc6+ Ka6 87. Nb4+ Kb7 88. Kb5 Qe8+ 89. Kc5 Qe5+ 90. Kc4 Kb6 91. Nd5+ Kc6 92. Nb4+ Kd6 93. Nd3 Qe4+ 94.
Kc3 Kd5 95. Nb4+ Kc5 96. Nd3+ Kb5 97. Nb2 Qe3+ 98. Kc2 Kb4 99. Nd3+ Kc4 100. Nb2+ Kd4 101. Na4 Qa3 102. Nb2 Qa2 103. Kc1 Kc3 104. Nd1+ Kb3 105. Ne3 Qe2 0-1

[Event "*** Titled Tuesday Blitz"]
[Site "Chess.com"]
[Date "2020.10.20"]
[Round "10"]
[White "Smile2005"]
[Black "Chessdreamer2020"]
[Result "0-1"]
[WhiteElo "2354"]
[BlackElo "2471"]
[TimeControl "180+1"]
[EndTime "11:51:39 PDT"]
[Termination "Chessdreamer2020 won by resignation"]

1. Nf3 d6 2. g3 e5 3. Bg2 Nc6 4.
O-O g6 5. d3 Bg7 6. c4 Nge7 7.
Nc3 O-O 8. Rb1 a5 9. a3 f5 10. b4 e4 0-1

[Event "*** Titled Tuesday Blitz"]
[Site "Chess.com"]
[Date "2020.10.20"]
[Round "10"]
[White "Azerichess"]
[Black "LyonBeast"]
[Result "1/2-1/2"]
[WhiteElo "2983"]
[BlackElo "3040"]
[TimeControl "180+1"]
[EndTime "11:51:56 PDT"]
[Termination "Game drawn by agreement"]

1. d4 Nf6 2. c4 e6 3. Nc3 d5 4.
cxd5 exd5 5. Bg5 c6 6. e3 Bf5 7. Qf3 Bg6 8. Bxf6 Qxf6 9. Qxf6 gxf6 10. Nge2 Nd7 11. Nf4 Bd6 12. h4 1/2-1/2

[Event "*** Titled Tuesday Blitz"]
[Site "Chess.com"]
[Date "2020.10.20"]
[Round "10"]
[White "AlexTriapishko"]
[Black "731291"]
[Result "1-0"]
[WhiteElo "2797"]
[BlackElo "2631"]
[TimeControl "180+1"]
[EndTime "11:52:14 PDT"]
[Termination "AlexTriapishko won by resignation"]

1. e4 c5 2. Nf3 e6 3. d4 cxd4 4. Nxd4 Nc6 5. Nc3 Qc7 6. Qd3 d6 7. Ndb5 Qd8 8. Bf4 e5 9. Nd5 exf4 10. Nbc7+ Kd7 11. Qh3+ 1-0

[Event "*** Titled Tuesday Blitz"]
[Site "Chess.com"]
[Date "2020.10.20"]
[Round "10"]
[White "capatl"]
[Black "ciucas1892"]
[Result "0-1"]
[WhiteElo "2501"]
[BlackElo "2367"]
[TimeControl "180+1"]
[EndTime "11:52:47 PDT"]
[Termination "ciucas1892 won by resignation"]

1. c4 g6 2. Nc3 Bg7 3. d4 c5 4. Nf3 cxd4 5. Nxd4 Nc6 6. e3 Nf6 7. Be2 O-O 8. O-O d5 9. cxd5 Nxd5 10. Nxc6 bxc6 11.
Na4 Bf5 12. Bd2 Nb6 13. Rc1 Nxa4 14. Qxa4 Qxd2 0-1

[Event "*** Titled Tuesday Blitz"]
[Site "Chess.com"]
[Date "2020.10.20"]
[Round "10"]
[White "szachuspl"]
[Black "chessknight02"]
[Result "1-0"]
[WhiteElo "2536"]
[BlackElo "2325"]
[TimeControl "180+1"]
[EndTime "11:52:57 PDT"]
[Termination "szachuspl won by resignation"]

1. d4 Nf6 2. c4 e6 3. Nf3 Bb4+ 4. Nbd2 O-O 5. g3 b6 6. Bg2 Bb7 7. O-O Bxd2 8. Qxd2 d6 9. b4 Nbd7 10. Bb2 Ne4 11.
Qc2 f5 12. d5 e5 13. Nh4 Ng5 14. Nxf5 Qf6 15. Ne3 b5 16. f4 1-0

[Event "*** Titled Tuesday Blitz"]
[Site "Chess.com"]
[Date "2020.10.20"]
[Round "10"]
[White "Hikaru"]
[Black "mishanick"]
[Result "1/2-1/2"]
[WhiteElo "3220"]
[BlackElo "3005"]
[TimeControl "180+1"]
[EndTime "11:53:10 PDT"]
[Termination "Game drawn by agreement"]

1. e4 c5 2. Nf3 d6 3. Bb5+ Nd7 4.
Ba4 Nf6 5. O-O e6 6. Re1 Be7 7. c4 O-O 8. Nc3 Ne5 9. d3 Nxf3+ 10. Qxf3 Nd7 11. Bxd7 Bxd7 12. Qg3 Bc6 13. Bf4 Kh8 14.
Rad1 e5 15. Bc1 f5 16. exf5 Rxf5 17. Rf1 Qd7 18. f4 exf4 19. Rxf4 Raf8 20. Rdf1 Rxf4 21. Rxf4 Rxf4 22. Qxf4 1/2-1/2

[Event "*** Titled Tuesday Blitz"]
[Site "Chess.com"]
[Date "2020.10.20"]
[Round "10"]
[White "Letinac"]
[Black "catzapto"]
[Result "0-1"]
[WhiteElo "2001"]
[BlackElo "2138"]
[TimeControl "180+1"]
[EndTime "11:53:36 PDT"]
[Termination "catzapto won by checkmate"]

1. c4 Nf6 2. Nf3 e6 3. g3 c6 4. d4 d5 5. Qc2 Bb4+ 6. Bd2 Bxd2+ 7. Nbxd2 O-O 8. Bg2 Nbd7 9. O-O Re8 10. Rfd1 a5 11. b3 e5 12. dxe5 Nxe5 13. Nxe5 Rxe5 14. e3 Rh5 15. cxd5 Nxd5 16. Nc4 Bh3 17. e4 Bxg2 18. Kxg2 Qd7 19. h4 Nf4+ 20. gxf4 Qg4+ 21. Kf1 Rxh4 22.
f3 Qxf3+ 23. Qf2 Rh1# 0-1

[Event "*** Titled Tuesday Blitz"]
[Site "Chess.com"]
[Date "2020.10.20"]
[Round "10"]
[White "oogee"]
[Black "lucachess49"]
[Result "1-0"]
[WhiteElo "2198"]
[BlackElo "2335"]
[TimeControl "180+1"]
[EndTime "11:54:19 PDT"]
[Termination "oogee won by resignation"]

1. d4 Nf6 2. c4 e6 3. g3 d5 4. Nf3 b6 5. cxd5 exd5 6. Bg2 Be7 7. O-O O-O 8. Nc3 Bf5 9. Ne5 c6 10. Qa4 b5 11. Qb3 Qb6 12. Rd1 Nbd7 13. Nxc6 Qxc6 14. Nxd5 Nxd5 15. Bxd5 Qh6 16. Bxh6 1-0